 Dungeon Crawl Stone Soup version 0.31-a0-692-gf03d1854d5 (webtiles) character file.

Game seed: 16658794515904329428

102 qw the Shooter (level 4, -4/28 HPs)
             Began as a Gargoyle Hunter on Sept 6, 2023.
             Slain by an orc warrior
             ... wielding a +0 glaive
              (5 damage)
             ... on level 3 of the Dungeon.
             The game lasted 00:00:35 (1583 turns).

qw the Shooter (Gargoyle Hunter)                    Turns: 1583, Time: 00:00:36

Health: -4/28      AC:  7    Str: 14    XL:     4   Next: 77%
Magic:  4/4        EV: 12    Int: 10    God:
Gold:   98         SH:  0    Dex: 13    Spells: 3/3 levels left

rFire   . . .        Y - +0 shortbow (freeze)
rCold   . . .        (shield currently unavailable)
rNeg    + . .        h - +2 robe {Will+}
rPois   inf          (no helmet)
rElec   +            (no cloak)
rCorr   .            (no gloves)
SInv    .            (no boots)
Will    +....        (no amulet)
Stlth   ++           (no ring)
HPRegen 0.24/turn    (no ring)
MPRegen 0.09/turn

%: no passive effects
@: no status effects
A: sickness immunity, AC +3, negative energy resistance 1, electricity
resistance, torment resistance 1, petrification resistance, clumsy 1
a: no special abilities


You were on level 3 of the Dungeon.
You visited 1 branch of the dungeon, and saw 3 of its levels.

You collected 98 gold pieces.


Innate Abilities, Weirdness & Mutations

You are immune to sickness and miasma.
Your stone body is resilient. (AC +3)
You are immune to poison.
You resist negative energy. (rN+)
You are resistant to electric shocks. (rElec)
You are resistant to unholy torment.
You are immune to petrification.
You are clumsy. (Dex -2)


   Skills:
 - Level 3.0 Fighting
 + Level 5.6 Ranged Weapons
 - Level 1.5 Dodging
 - Level 1.1 Stealth


You had 3 spell levels left.
You didn't know any spells.
Your spell library was empty.

Inventory:

Hand Weapons
 Y - a +0 shortbow of freezing (weapon)
Armour
 h - a +2 robe of willpower (worn)
Jewellery
 c - a ring of protection from cold
Scrolls
 a - a scroll of identify
Potions
 b - a potion of might {unknown}
 e - a potion of mutation
 f - a potion of degeneration {unknown}
 i - a potion of heal wounds {unknown}

Dungeon Overview and Level Annotations

Branches:
Dungeon (3/15)

Altars:


Message History

1570 |||
Found retreat position at -1,1 (floor) with 0 blocking monsters and 1 monsters attacking at destination at distance 1 x2
1570 ||| RETREATING.
The orc wizard gestures at you while chanting.
The puff of flame hits you.
1572 |||
Found retreat position at -1,1 (floor) with 0 blocking monsters and 1 monsters attacking at destination at distance 1 x2
1572 ||| RETREATING.
You start resting.
An orc wizard is nearby!
You shoot an arrow.
The arrow closely misses the orc wizard.
The orc wizard hits you with a +0 dagger.
You shoot an arrow. The arrow barely misses the orc wizard.
The orc wizard hits you but does no damage.
You shoot an arrow.
The arrow hits the orc wizard but does no damage.
You hear a shout!
The orc wizard hits you with a +0 dagger.
You shoot an arrow.
The arrow closely misses the orc wizard.
The orc wizard hits you but does no damage.
The orc wizard barely misses you.
You shoot an arrow. The arrow hits the orc wizard.
The arrow freezes the orc wizard.
The orc wizard is moderately wounded.
The orc wizard casts a spell at you. The magic dart hits you.
You shoot an arrow. The arrow hits the orc wizard!
The arrow freezes the orc wizard.
You kill the orc wizard!
You shoot an arrow.
The arrow completely misses the orc warrior.
The orc warrior barely misses you.
You shoot an arrow.
The arrow hits the orc warrior but does no damage.
The orc warrior hits you with a +0 glaive!!
Ouch! That really hurt!
You shoot an arrow.
The arrow hits the orc warrior but does no damage.
The orc warrior hits you with a +0 glaive.
You die...

### ########o#
#......@#...PP.P
#.#######P.P.PPP #.#
..o..PP ######## #.#
PP....P
.......###.###########_##
.................#


oP. ##..############## .. #..# #..# You could see an orc warrior.

Vanquished Creatures
  An orc wizard (D:3)
  2 adders (D:2)
  3 worms (D:2)
  A dart slug (D:2)
  4 endoplasms
  A giant cockroach (D:1)
  5 goblins
  6 hobgoblins
  3 jackals (D:1)
  2 quokkas (D:1)
  4 ball pythons
  3 bats
  4 frilled lizards (D:1)
  5 kobolds
  3 rats
47 creatures vanquished.

Notes
Turn   | Place    | Note
-------+----------+-------------------------------------------
     0 | D:1      | qw the Gargoyle Hunter began the quest for the Orb.
     0 | D:1      | Reached XP level 1. HP: 12/12 MP: 1/1
     0 | D:1      | 0 ||| qw: Version: 0.3-a-76-g4403597
     0 | D:1      | 0 ||| qw: Game counter: 170
     0 | D:1      | 0 ||| qw: Melee chars always use a shield: true
     0 | D:1      | 0 ||| qw: God list: Okawaru
     0 | D:1      | 0 ||| qw: Allow faded altars: false
     0 | D:1      | 0 ||| qw: Do Orc after clearing Dungeon:15 true
     0 | D:1      | 0 ||| qw: Do second Lair branch before Depths: true
     0 | D:1      | 0 ||| qw: Lair rune preference: random
     0 | D:1      | 0 ||| qw: Goals: Normal
     0 | D:1      | 0 ||| PLANNING D:1-11
   141 | D:1      | Reached XP level 2. HP: 17/17 MP: 2/2
   354 | D:1      | Reached XP level 3. HP: 21/21 MP: 3/3
   366 | D:1      | Reached skill level 5 in Ranged Weapons
   775 | D:1      | 775 ||| UPGRADING to +0 ring mail.
   785 | D:1      | 785 ||| DROPPING +0 leather armour.
   786 | D:1      | 786 ||| UPGRADING to +2 robe of willpower.
   796 | D:1      | 796 ||| DROPPING +0 ring mail.
   797 | D:1      | 797 ||| READING scroll labelled YNOJYM VIDGHA.
   798 | D:1      | 798 ||| READING scroll labelled OPLALLIUNT.
   799 | D:1      | 799 ||| DROPPING scroll of butterflies.
   955 | D:2      | Reached skill level 3 in Fighting
   974 | D:2      | 974 ||| READING scroll of brand weapon.
   974 | D:2      | 974 ||| BRANDING +0 shortbow of draining.
  1108 | D:2      | Reached XP level 4. HP: 28/28 MP: 4/4
  1458 | D:2      | 1458 ||| READING scroll labelled SESUEKK PITWIVVO.
  1459 | D:2      | 1459 ||| DRINKING 2 glowing golden potions.
  1466 | D:2      | 1466 ||| DRINKING 2 fizzy red potions.
  1466 | D:2      | Gained mutation: You are clumsy. (Dex -2) [potion of
                  | mutation]
  1467 | D:2      | 1467 ||| DROPPING potion of ambrosia.
  1569 | D:3      | Found a faded altar of an unknown god.
  1569 | D:3      | Noticed an orc warrior
  1570 | D:3      | 1570 ||| RETREATING.
  1572 | D:3      | 1572 ||| RETREATING.
  1582 | D:3      | HP: 1/28 [orc warrior/+0 glaive (19)]
  1583 | D:3      | Slain by an orc warrior

Levels and vault maps discovered:
D:1:      dpeg_arrival_three_smaller_balls, layout_loops_ring
D:2:      layout_basic
D:3:      layout_loops_ring, mainiacjoe_overflow_six_doors_small,
          nicolae_ashenzari_panopticon, shapermc_ecumenical_altar_gd

Skill      XL: |  1  2  3 |
---------------+----------+-----
Ranged Weapons | 5 |  5.6
Fighting       | 3 |  3.0
Dodging        | |  1.5
Stealth        | |  1.1

Action                     |  1- 3 |  4- 6 || total
---------------------------+-------+-------++-------
   Fire: Shortbow          |   113 |    28 ||   141
    Use: Scroll            |     3 |     1 ||     4
         Potion            |       |     2 ||     2
 Armour: Leather armour    |    19 |       ||    19
         Robe              |       |     8 ||     8
  Dodge: Dodged            |    30 |     2 ||    32

Table legend:
 A = Non-vault XP
 B = Vault XP
 C = Vault XP percentage of total XP
 D = Non-vault monster count
 E = Vault monster count
 F = Vault count percentage of total count
                 A         B        C        D         E       F
            +---------+---------+-------+---------+---------+-------
      Total |     146 |       0 |   0.0 |      47 |       0 |   0.0
            +---------+---------+-------+---------+---------+-------
        D:1 |      56 |       0 |   0.0 |      33 |       0 |   0.0
        D:2 |      52 |       0 |   0.0 |      11 |       0 |   0.0
        D:3 |      38 |       0 |   0.0 |       3 |       0 |   0.0
            +---------+---------+-------+---------+---------+-------
